 Dungeon Crawl Stone Soup version 0.23.0-3-gf3c87f2df8 (webtiles) character file.

Game seed: 16545473172768437622

44 Ivernyr the Chiller (level 3, 0/28 HPs)
             Began as a Naga Ice Elementalist on Feb 21, 2019.
             Slain by a goblin (3 damage)
             ... led by Robin
             ... on level 2 of the Dungeon.
             The game lasted 00:08:06 (1270 turns).

Ivernyr the Chiller (Naga Ice Elementalist)         Turns: 1270, Time: 00:08:07

Health: 0/28       AC:  9    Str: 10    XL:     3   Next: 60%
Magic:  6/6        EV:  8    Int: 19    God:
Gold:   68         SH:  0    Dex: 11    Spells: 2/6 levels left

rFire    . . .     SeeInvis +   (no weapon)
rCold    . . .     Gourm    .   (no shield)
rNeg     . . .     Faith    .   a - +0 robe
rPois    +         Spirit   .   (no helmet)
rElec    .         Reflect  .   f - +0 cloak
rCorr    .         Harm     .   (no gloves)
MR       .....                  g - +0 naga barding
Stlth    ++........             (no amulet)
HPRegen  0.09/turn              m - +3 ring of intelligence
MPRegen  0.10/turn              o - +2 ring of protection

@: very slow
A: large, see invisible, deformed body, poison resistance, slowness 2, slow
metabolism 1, spit poison 1, AC +1
a: Spit Poison


You were on level 2 of the Dungeon.
You were hungry.

You visited 1 branch of the dungeon, and saw 2 of its levels.

You collected 68 gold pieces.

Inventory:

Armour
 a - a +0 robe (worn)
 f - a +0 cloak (worn)
 g - a +0 naga barding (worn)
Jewellery
 m - a +3 ring of intelligence (left hand)
 o - a +2 ring of protection (right hand)
Scrolls
 b - 6 scrolls of identify {unknown}
 d - a scroll of fog {unknown}
 e - a scroll of enchant weapon {unknown}
 h - 2 scrolls of remove curse {unknown}
 k - 2 scrolls of teleportation {unknown}
 l - a scroll of noise {unknown}
Potions
 i - 2 potions of berserk rage {unknown}
 j - a potion of agility {unknown}
Comestibles
 c - 4 rations


   Skills:
 + Level 2.0 Dodging
 - Level 3.0 Stealth
 + Level 2.4 Spellcasting
   Level 1.0 Conjurations
 * Level 3.8 Ice Magic


You had 2 spell levels left.
You knew the following spells:

 Your Spells              Type           Power        Failure   Level  Hunger
a - Freeze                Ice            ###.         3%          1    #......
b - Ozocubu's Armour      Chrm/Ice       #.......     22%         3    ###....

Your spell library contained the following spells:

 Spells                   Type           Power        Failure   Level  Hunger
 Throw Frost              Conj/Ice       ##....       9%          2    ##.....
 Throw Icicle             Conj/Ice       ##......     52%         4    #####..
 Summon Ice Beast         Ice/Summ       #.......     58%         4    #####..


Dungeon Overview and Level Annotations

Branches:
Dungeon (2/15)

Altars:

Annotations:
D:2 Robin


Innate Abilities, Weirdness & Mutations

You cannot wear boots.
Your serpentine skin is tough. (AC +1)
You have supernaturally acute eyesight. (SInv)
Armour fits poorly on your strangely shaped body.
Your system is resistant to poisons. (rPois)
You cover ground very slowly.
You have a slow metabolism.
You can spit poison.


Message History

The goblin barely misses you.
Robin roars a battlecry!
The goblins go into a battle-frenzy!
The goblin hits you with a +0 club.
* * * LOW HITPOINT WARNING * * *
The goblin no longer looks unusually strong.
The goblin barely misses you. x3
The goblin hits you but does no damage. x2
The goblin hits you but does no damage. x3
A goblin comes into view. It is wielding a +0 dagger of draining.
The goblin hits you but does no damage. The goblin barely misses you.
The goblin hits you but does no damage.
The goblin shouts!
The goblin hits you.
* * * LOW HITPOINT WARNING * * *
The goblin hits you but does no damage. The goblin completely misses you.
Robin roars a battlecry!
The goblin goes into a battle-frenzy!
The goblin hits you.
You die...

#.........#.#.# #.....
#..########...# #..... #.##
##.....# #.[... #.######..###.#
#..... ##........## #.# ##.... ##
##....g##### ##.# ##....
.#####...##...### #..# #..###
.........####..g###.########.##
...g.....# ###gg@g....<......####
.........###>gg###..#...[..####..
.......g.#...### #.#######..###..
#.......##.### #.# ##......
##.........# #.# #####..
#######..## #.# #...(.. ######..#
..# ##.###.. ........## .##
#####..# #.. ..#####..## #.#
##.....## #..


You could see Robin and 6 goblins.

Vanquished Creatures
  An adder (D:2)
  An ooze (D:2)
  A leopard gecko (D:1)
  3 giant cockroaches (D:1)
  4 goblins (D:1)
  6 hobgoblins
  3 ball pythons
  2 bats
  A frilled lizard (D:1)
  5 kobolds
  A rat (D:1)
28 creatures vanquished.

Notes
Turn   | Place    | Note
-------+----------+-------------------------------------------
     0 | D:1      | Ivernyr the Naga Ice Elementalist began the quest for the
                  | Orb.
     0 | D:1      | Reached XP level 1. HP: 15/15 MP: 3/3
    68 | D:1      | Reached XP level 2. HP: 22/22 MP: 5/5
   488 | D:1      | Reached XP level 3. HP: 27/28 MP: 6/6
   493 | D:1      | Learned a level 3 spell: Ozocubu's Armour
  1036 | D:2      | Noticed Robin
  1270 | D:2      | Slain by a goblin

Skill      XL: |  1  2  3 |
---------------+----------+-----
Dodging        | 2 |  2.0
Stealth        | |  3.0
Spellcasting   | |  2.4
Conjurations   | |  1.0
Ice Magic      | |  3.8

Action                   || total
-------------------------++-------
Melee: Unarmed           ||    26
 Cast: Freeze            ||    15
 Abil: Spit Poison       ||    23
 Stab: Sleeping          ||     1
  Eat: Chunk             ||     1
Armor: Robe              ||    31
Dodge: Dodged            ||    35
